 Dungeon Crawl Stone Soup version 0.30.0-29-ga12c61a403 (webtiles) character file.

Game seed: 17277756567050966654

62349 alumie the Severer (level 14, -33/133 HPs)
             Began as a Minotaur Berserker on June 24, 2023.
             Was a High Priest of Trog.
             Annihilated by Rupert
             ... wielding a +2 heavy battleaxe
              (48 damage)
             ... on level 1 of the Orcish Mines on June 26, 2023.
             The game lasted 01:38:31 (26570 turns).

alumie the Severer (Minotaur Berserker)            Turns: 26570, Time: 01:38:32

Health: -33/133    AC: 25    Str: 25    XL:     14   Next: 64%
Magic:  13/13      EV:  8    Int:  4    God:    Trog [*****.]
Gold:   1250       SH: 20    Dex: 12    Spells: 13/13 levels left

rFire   + . .        a - +3 broad axe
rCold   + . .        t - +3 kite shield
rNeg    . . .        u - +0 plate armour
rPois   .            (helmet restricted)
rElec   .            g - scarf {rC+ rF+}
rCorr   .            J - +2 pair of gloves
SInv    .            W - +0 pair of boots
Will    +....        U - amulet of reflection Stlth
                     f - +4 ring of slaying
HPRegen 0.42/turn    j - +4 ring of protection
MPRegen 0.13/turn

%: reflection
@: no status effects
A: horns 2, retaliatory headbutt
a: Renounce Religion, Berserk, Trog's Hand, Brothers in Arms


You were on level 1 of the Orcish Mines.
You worshipped Trog.
Trog was extremely pleased with you.
You visited 3 branches of the dungeon, and saw 19 of its levels.

You collected 1535 gold pieces.
You spent 285 gold pieces at shops.

Inventory:

Hand Weapons
 a - a +3 broad axe (weapon)
 b - a +0 sling of draining
 x - a +4 flail of protection
Missiles
 O - 80 stones (quivered)
Armour
 g - a scarf of resistance (worn)
 t - a +3 kite shield (worn)
 u - a +0 plate armour (worn)
 J - a +2 pair of gloves (worn)
 W - a +0 pair of boots (worn)
Jewellery
 f - a +4 ring of slaying (left hand)
 j - a +4 ring of protection (right hand)
 D - the ring "Ecwidih" {Fire rCorr}
   (You found it on level 7 of the Dungeon)

   [ring of fire]

   It enhances your fire magic.
   rF:        It protects you from fire.
   rC:        It makes you vulnerable to cold.
   rCorr:     It protects you from acid and corrosion.
 U - an amulet of reflection (around neck)
 Y - a +6 ring of strength
Wands
 k - a wand of polymorph (5)
 y - a wand of mindburst (20)
 B - a wand of iceblast (19)
 F - a wand of flame (4)
 I - a wand of light (4)
 M - a wand of charming (14)
Scrolls
 d - 2 scrolls of fear
 s - a scroll of magic mapping
 C - 2 scrolls of blinking
 Q - 2 scrolls of silence
 S - 3 scrolls of teleportation
 X - a scroll of identify
Potions
 i - 3 potions of curing
 m - 2 potions of lignification
 o - 3 potions of heal wounds
 p - 2 potions of magic
 v - 3 potions of flight
 A - a potion of invisibility
 L - 2 potions of resistance
 R - a potion of attraction
 T - a potion of haste
 V - 2 potions of cancellation
Miscellaneous
 q - a phantom mirror
 H - a tin of tremorstones (2/2)
 N - a lightning rod (4/4)


   Skills:
 + Level 14.4 Fighting
 - Level 17.2 Axes
 + Level 14.1 Armour
 - Level 2.5 Dodging
 + Level 13.8 Shields
 + Level 8.2 Evocations


You had 13 spell levels left.
You didn't know any spells.
Your spell library was empty.

Dungeon Overview and Level Annotations

Branches:
Dungeon (12/15)            Temple (0/1) D:6            Lair (5/5) D:9
  Swamp (0/4) Lair:2        Snake (0/4) Lair:2        Slime (0/5) Lair:5
    Orc (2/2) D:10            Elf (0/3) Orc:2

Altars:
Ashenzari
Cheibriados
Dithmenos
Elyvilon
Hepliaklqana
Nemelex Xobeh
Okawaru
Ru
Sif Muna
Vehumet
Xom
Yredelemnul
Zin
The Shining One
Jiyva
Lugonu

Shops:
D:6 *   D:9 (   D:12 (

Portals:
Abyss: Lair:5

Annotations:
D:4 exclusion: statue
D:9 2 transporters
Orc:1 Rupert
Orc:2 Erolcha


Innate Abilities, Weirdness & Mutations

You have a pair of horns on your head.
You reflexively headbutt those who attack you in melee.


Message History

You slice the orc warrior!!
You headbutt the orc warrior, but do no damage.
The orc warrior is severely wounded.
You hit Rupert.
You feel less confused.
The orc priest looks satisfied for a moment.
You block the orc warrior's attack. Rupert hits you but does no damage.
The orc warrior attacks as you move away!
You block the orc warrior's attack.
Rupert rages.
Rupert attacks as you move away! You block Rupert's attack.
The orc warrior attacks as you move away!
The orc warrior barely misses you. You furiously retaliate!
You headbutt the orc warrior!
You kill the orc warrior!
Trog accepts your kill.
Rupert rages.
Rupert attacks as you move away! You block Rupert's attack.
Rupert rages.
The orc priest calls down the wrath of Beogh upon you.
Beogh smites you!
Rupert hits you with a +2 heavy battleaxe!
Rupert attacks as you move away!
Rupert hits you with a +2 heavy battleaxe!!
* * * LOW HITPOINT WARNING * * *
There is a stone staircase leading up here.
Rupert hits you with a +2 heavy battleaxe!
* * * LOW HITPOINT WARNING * * *
Erolcha mumbles some strange words.
Erolcha flickers and vanishes!
Deactivating autopickup; reactivate with Ctrl-A.
You climb upwards.
Reactivating autopickup.
There is a stone staircase leading down here.
Press: ? - help, . - travel You can't see that place. [the floor.]
You hit Rupert but do no damage.
Rupert hits you with a +2 heavy battleaxe!!!
You die...

....##........#.......#....##
.....##......#..............##
[.....#.......#............#.##
.............#................#
[.............................#
.#.........................#^##
............................##
........................#...##
................@............#
...............@........#...##
...................#.#####.##
......................###...#
..................##.##..#.##
.................#..#.....##
.........................##
......................####
....###...............#


You could see Rupert (berserk).

Vanquished Creatures
  An entropy weaver (shapeshifter) (Lair:5)
  Fannar (D:11)
  6 hydras
  A centaur warrior (Orc:2)
  2 catoblepae
  3 two-headed ogres
  3 boulder beetles
  Urug (D:10)
  3 thrashing horrors (Lair:5)
  A skyshark (Lair:5)
  The ghost of cdecastro the Ruffian, a novice TrFi of Qazlal (D:7)
  2 lindwurms (Lair:2)
  A wizard (D:8)
  3 deep elf pyromancers (D:12)
  2 orc knights (Orc:2)
  6 ugly things
  A manticore (D:12)
  3 cyclopes
  3 smoke demons (Lair:5)
  3 black mambas
  9 elephants
  13 cane toads
  3 rime drakes
  A rime drake (shapeshifter) (Lair:5)
  6 komodo dragons
  A kobold demonologist (D:10)
  An ancient zyme (Lair:5)
  5 trolls
  2 polar bears (Lair:5)
  Prince Ribbit (D:6)
  21 blink frogs
  5 tyrant leeches (Lair:2)
  A ynoxinul (Lair:5)
  2 spriggans (Lair:5)
  Sigmund (D:4)
  3 shadows
  6 wyverns
  37 yaks
  A wraith (D:11)
  11 basilisks
  Menkaure (D:6)
  A swamp worm (Lair:2)
  Edmund (D:6)
  2 vampire mosquitoes (D:12)
  3 nagas (Lair:2)
  3 acid dragons (D:10)
  26 water moccasins
  4 ice beasts (D:7)
  21 orc warriors
  A sky beast (shapeshifter) (Lair:5)
  2 large abominations (Lair:5)
  A sky beast (D:7)
  5 black bears
  2 ogres
  13 centaurs
  A phantom (D:4)
  4 kobold brigands
  11 bullfrogs
  Blork the orc (D:4)
  9 small abominations (Lair:5)
  6 scorpions
  4 gnoll sergeants
  5 wights
  4 howler monkeys
  9 electric eels (D:10)
  A jelly (D:7)
  13 orc priests
  A water moccasin simulacrum (D:7)
  3 hounds
  Natasha (twice) (D:3)
  A gnoll bouda (D:9)
  9 orc wizards
  4 sleepcaps
  An iguana (D:5)
  A centaur simulacrum (D:7)
  A bullfrog simulacrum (D:7)
  13 gnolls
  14 adders
  5 white imps
  2 ufetubi
  3 dart slugs
  38 orcs
  7 ball pythons
  4 bats
  11 endoplasms
  3 giant cockroaches
  5 goblins
  4 hobgoblins
  2 quokkas (D:3)
  3 frilled lizards
  14 kobolds
  7 rats
489 creatures vanquished.

Vanquished Creatures (collateral kills)
  2 orc knights (Orc:2)
  2 orc warriors (Orc:2)
  A centaur (Orc:2)
  4 orcs
9 creatures vanquished.

Vanquished Creatures (others)
  An unseen horror (D:11)
  An orc warrior (Orc:2)
2 creatures vanquished.

Grand Total: 500 creatures vanquished

Notes
Turn   | Place    | Note
-------+----------+-------------------------------------------
     0 | D:1      | alumie the Minotaur Berserker began the quest for the Orb.
     0 | D:1      | Reached XP level 1. HP: 19/19 MP: 0/0
   333 | D:1      | Reached XP level 2. HP: 27/27 MP: 1/1
  1214 | D:2      | Reached skill level 4 in Axes
  1285 | D:2      | Reached XP level 3. HP: 33/33 MP: 2/2
  1595 | D:2      | Found a faded altar of an unknown god.
  2076 | D:3      | Reached ** piety under Trog
  2191 | D:3      | Reached skill level 5 in Axes
  2465 | D:3      | Reached XP level 4. HP: 40/40 MP: 3/3
  2476 | D:3      | Noticed an ogre
  2490 | D:3      | Killed an ogre
  2491 | D:3      | Reached skill level 6 in Axes
  2491 | D:3      | Reached XP level 5. HP: 46/46 MP: 4/4
  2525 | D:3      | Noticed Natasha
  2531 | D:3      | Killed Natasha
  2613 | D:3      | Found a sparkling altar of Nemelex Xobeh.
  2727 | D:3      | Noticed Natasha
  2731 | D:3      | Killed Natasha
  2732 | D:3      | Reached skill level 7 in Axes
  2878 | D:4      | Reached XP level 6. HP: 28/52 MP: 5/5
  3082 | D:4      | Found a radiant altar of Vehumet.
  3111 | D:4      | Noticed Blork the orc
  3117 | D:4      | Killed Blork the orc
  3118 | D:4      | Reached skill level 8 in Axes
  3277 | D:4      | Reached skill level 9 in Axes
  3475 | D:4      | Reached XP level 7. HP: 54/59 MP: 6/6
  3547 | D:4      | Reached skill level 10 in Axes
  3891 | D:4      | Found an iron altar of Okawaru.
  3952 | D:4      | Noticed Sigmund
  3958 | D:4      | Killed Sigmund
  4357 | D:5      | Entered Level 5 of the Dungeon
  4476 | D:5      | Reached skill level 11 in Axes
  4656 | D:5      | Reached XP level 8. HP: 66/66 MP: 7/7
  4756 | D:5      | Reached skill level 12 in Axes
  5296 | D:6      | Reached skill level 13 in Axes
  5842 | D:6      | Found a staircase to the Ecumenical Temple.
  5855 | D:6      | Noticed Prince Ribbit
  5869 | D:6      | Killed Prince Ribbit
  5870 | D:6      | Reached skill level 14 in Axes
  5870 | D:6      | Reached XP level 9. HP: 71/71 MP: 8/8
  6027 | D:6      | Noticed Edmund
  6038 | D:6      | Killed Edmund
  6094 | D:6      | Found Pesiyg's Serpentskin Sales.
  6094 | D:6      | Noticed Menkaure
  6097 | D:6      | Killed Menkaure
  6342 | D:6      | Found a shimmering blue altar of Sif Muna.
  6530 | D:6      | Bought a +2 buckler of poison resistance for 240 gold
                  | pieces
  6706 | D:7      | Noticed cdecastro's ghost (novice TrFi)
  6734 | D:7      | Found a runed translucent gate.
  6734 | D:7      | Found a runed translucent gate.
  6734 | D:7      | Found a runed translucent gate.
  6748 | D:7      | Reached skill level 15 in Axes
  6966 | D:7      | Reached *** piety under Trog
  7186 | D:7      | Reached skill level 16 in Axes
  7806 | D:7      | Killed cdecastro's ghost
  7807 | D:7      | Reached skill level 17 in Axes
  7807 | D:7      | Reached XP level 10. HP: 78/78 MP: 9/9
  7832 | D:7      | Got the ring "Ecwidih" {Fire rCorr}
  8094 | D:8      | Reached skill level 1 in Shields
  8128 | D:8      | Found a hazy altar of Hepliaklqana.
  8405 | D:8      | Noticed a wizard
  8410 | D:8      | Killed a wizard
  8411 | D:8      | Reached skill level 5 in Fighting
  8450 | D:8      | Identified the ring of Onwek {Wiz rElec rPois rC+ Slay-5}
  9218 | D:9      | Found a staircase to the Lair.
  9275 | D:9      | Reached skill level 5 in Armour
  9324 | D:9      | Reached skill level 5 in Shields
  9484 | D:9      | Found a transporter.
  9500 | D:9      | Found a viscous altar of Jiyva.
  9500 | D:9      | Found a transporter.
  9539 | D:9      | Reached **** piety under Trog
  9646 | D:9      | Noticed a great orb of eyes
  9897 | D:9      | Reached XP level 11. HP: 92/92 MP: 10/10
 10260 | D:9      | Found Feast's Weapon Shop.
 10407 | D:10     | Entered Level 10 of the Dungeon
 10698 | D:10     | Found a sacrificial altar of Ru.
 11366 | D:10     | Found a snail-covered altar of Cheibriados.
 11453 | D:10     | Found a basalt altar of Yredelemnul.
 11455 | D:10     | Found a broken altar of Ashenzari.
 11590 | D:10     | Found a staircase to the Orcish Mines.
 12377 | D:10     | Found a glowing silver altar of Zin.
 12377 | D:10     | Found a glowing golden altar of the Shining One.
 12685 | D:10     | Found a white marble altar of Elyvilon.
 12789 | D:10     | Found a shimmering altar of Xom.
 12792 | D:11     | Noticed a two-headed ogre
 12800 | D:11     | Killed a two-headed ogre
 12915 | D:11     | Noticed a cyan ugly thing
 12923 | D:11     | Killed a cyan ugly thing
 13569 | D:11     | Noticed a boulder beetle
 13583 | D:11     | Killed a boulder beetle
 13823 | D:11     | Noticed Fannar
 13839 | D:11     | Killed Fannar
 13929 | D:11     | Noticed a boulder beetle
 13950 | D:11     | Killed a boulder beetle
 14264 | D:12     | Found Yzaygam's Antique Weapon Boutique.
 14278 | D:12     | Bought a sling for 45 gold pieces
 14293 | D:12     | Reached skill level 10 in Fighting
 14293 | D:12     | Reached XP level 12. HP: 82/106 MP: 11/11
 14561 | D:12     | Noticed a boulder beetle
 14569 | D:12     | Killed a boulder beetle
 14570 | D:12     | Reached skill level 1 in Evocations
 14881 | D:12     | Reached skill level 10 in Armour
 14927 | D:12     | Noticed a two-headed ogre
 14934 | D:12     | Killed a two-headed ogre
 15058 | D:12     | Found a shadowy altar of Dithmenos.
 15417 | Lair:1   | Entered Level 1 of the Lair of Beasts
 15450 | Lair:1   | Reached skill level 10 in Shields
 15637 | Lair:1   | Noticed a catoblepas
 15648 | Lair:1   | Killed a catoblepas
 17361 | Lair:2   | Reached XP level 13. HP: 117/117 MP: 12/12
 17759 | Lair:2   | Found a staircase to the Swamp.
 18490 | Lair:2   | Reached skill level 5 in Evocations
 18696 | Lair:2   | Found a staircase to the Snake Pit.
 21087 | Lair:4   | Found a glowing golden altar of the Shining One.
 21548 | Lair:5   | Entered Level 5 of the Lair of Beasts
 21889 | Lair:5   | Reached ***** piety under Trog
 22433 | Lair:5   | Reached XP level 14. HP: 41/129 MP: 13/13
 22873 | Lair:5   | Found a staircase to the Slime Pits.
 24774 | Lair:5   | Found a corrupted altar of Lugonu.
 24774 | Lair:5   | Found a one-way gate to the infinite horrors of the Abyss.
 25346 | Orc:1    | Entered Level 1 of the Orcish Mines
 25346 | Orc:1    | Noticed Urug
 25383 | D:10     | Killed Urug
 25994 | Orc:2    | Entered Level 2 of the Orcish Mines
 26454 | Orc:2    | Found a staircase to the Elven Halls.
 26531 | Orc:2    | Noticed Erolcha
 26534 | Orc:2    | Noticed Rupert
 26570 | Orc:1    | Annihilated by Rupert

Illustrated notes

Levels and vault maps discovered:
D:1:      kilobyte_arrival_exit_the_forest, layout_basic
D:2:      layout_basic, shapermc_ecumenical_altar_mp_highgroup,
          kennysheep_generic_room_11
D:3:      layout_loops_cross, mainiacjoe_overflow_alcove_1, uniq_natasha
D:4:      minmay_octagon_keep, layout_basic,
          mainiacjoe_overflow_six_doors_small, vehumet_statue,
          serial_corexii_hall, corexii_hall_statues_u, corexii_hall_statues_i,
          uniq_sigmund, uniq_blork_the_orc
D:5:      layout_basic, sword_in_stone
D:6:      layout_loops_cross, lemuel_blue_sif_altar, minmay_temple_entry_tees,
          guppyfry_shop_venom, uniq_menkaure, uniq_edmund, uniq_prince_ribbit1
D:7:      layout_loops_corners, gammafunk_ghost_icy, enter_bailey_2,
          hangedman_abyss_or_decor_lesser_grid
D:8:      layout_loops_ring, nicolae_hepliaklqana_hazy_memory,
          kennysheep_just_a_vault
D:9:      gammafunk_jiyva_shrine, layout_basic, minmay_lair_entry_grove,
          serial_shops, kennysheep_little_box, minivault_4
D:10:     cheibrodos_helix_gallery, layout_basic, good_gods_temple_1,
          nicolae_overflow_hidden_temple, orc_0_dummy, serial_bayou,
          serial_bayou_shore_a, serial_bayou_pond_a, serial_bayou_pond_b,
          serial_bayou_pond_a
D:11:     layout_basic, uniq_fannar
D:12:     layout_rooms, serial_rivers, chequers_serial_rivers_small_b,
          chequers_serial_rivers_micro_e, chequers_serial_rivers_large_b,
          chequers_serial_rivers_micro_d, serial_shops, nicolae_stop_n_shop_1,
          grunt_dithmenos_shadows
Lair:1:   layout_cave_pods, infiniplex_staircase_pool_2
Lair:2:   layout_small_grid, minmay_swamp_entry_worms,
          nicolae_snake_entry_squirm, chequers_serial_rivers_small_b,
          serial_bayou_pond_d, minmay_stone_trees_medium, nicolae_lair_lindhole
Lair:3:   layout_small_grid
Lair:4:   layout_layer_cave, basic_altar
Lair:5:   hellmonk_lair_end_abyssal_woods, layout_cave_pods,
          dpeg_slime_entry_enclosed, gauntlet_entry_generic
Orc:1:    layout_caves, serial_shops, uniq_urug
Orc:2:    st_orc_rangers, layout_caves, uniq_rupert, uniq_erolcha

Skill      XL: |  1  2  3  4  5  6  7  8  9 10 11 12 13 14 |
---------------+-------------------------------------------+-----
Fighting       | 4 7 10 11 13 14 | 14.4
Armour         | 3 6 9 11 13 14 | 14.1
Axes           | 4 5 6 7 9 11 14 17 | 17.2
Shields        | 5 9 11 12 13 | 13.8
Evocations     | 4 6 8 |  8.2
Dodging        | |  2.5

Action                     |  1- 3 |  4- 6 |  7- 9 | 10-12 | 13-15 || total
---------------------------+-------+-------+-------+-------+-------++-------
  Melee: Hand axe          |    71 |    40 |    86 |   512 |   337 ||  1046
         Headbutt          |    10 |     8 |    37 |   113 |   120 ||   288
         War axe           |       |       |   110 |       |       ||   110
         Flail             |       |       |       |       |   117 ||   117
         Broad axe         |       |       |       |       |    51 ||    51
         Unarmed           |       |       |       |       |    18 ||    18
   Fire: Sling             |       |       |       |     4 |       ||     4
  Throw: Javelin           |       |       |     5 |     4 |       ||     9
 Invoke: Berserk           |     1 |     3 |     6 |    12 |     7 ||    29
         Trog's Hand       |       |     3 |     3 |     6 |     2 ||    14
         Brothers in Arms  |       |       |       |     1 |     2 ||     3
  Evoke: Phantom mirror    |       |       |     1 |       |       ||     1
         Wand              |       |       |       |    10 |     2 ||    12
    Use: Scroll            |     9 |     4 |     5 |     9 |     8 ||    35
         Potion            |       |       |       |       |     4 ||     4
   Stab: Distracted        |       |       |       |     1 |       ||     1
 Armour: Animal skin       |     9 |       |       |       |       ||     9
         Ring mail         |     8 |     5 |    11 |       |       ||    24
         Chain mail        |       |       |    69 |    47 |       ||   116
         Plate armour      |       |       |       |   105 |   291 ||   396
  Dodge: Dodged            |    33 |    31 |    58 |    79 |   144 ||   345
  Block: Kite shield       |       |       |    56 |   204 |   510 ||   770
         Reflection        |       |       |       |       |    92 ||    92
